 Dungeon Crawl Stone Soup version 0.32-a0-485-g70f7560b1c (webtiles) character file.

Game seed: 8521936696994075349

2553 jasper the Grappler (level 9, -2/68 HPs)
             Began as a Gnoll Shapeshifter on Feb 26, 2024.
             Was a Follower of Cheibriados.
             Slain by Joseph
             ... wielding a +0 quarterstaff
              (6 damage)
             ... on level 7 of the Dungeon.
             The game lasted 00:07:42 (6242 turns).

jasper the Grappler (Gnoll Shapeshifter)            Turns: 6242, Time: 00:07:42

Health: -2/68      AC:  8    Str: 18 (20) XL:     9   Next: 56%
Magic:  0/15       EV: 12    Int: 11 (12) God:    Cheibriados [*.....]
Gold:   226        SH:  0    Dex: 12 (13) Spells: 17/17 levels left

rFire   . .          .
                       - Unarmed
rCold   . . .        (no shield)
rNeg    . . .        k - +1 scale mail
rPois   .            (helmet currently unavailable)
rElec   .            (cloak currently unavailable)
rCorr   .            (gloves currently unavailable)
SInv    .            (boots currently unavailable)
Will    +....        q - amulet of guardian spirit
Stlth   +            (no ring)
HPRegen 0.31/turn    (no ring)
MPRegen 0.14/turn

%: guardian spirit
@: lethally poisoned (-2 -> -3), beast-form, enlightened, flying, very slow
A: beast (slay +4), fangs 1, strong nose, distributed training
a: Begin Untransformation, Renounce Religion, Bend Time


You were on level 7 of the Dungeon.
You worshipped Cheibriados.
Cheibriados was aware of your devotion.
You were a hulking beast.
You visited 1 branch of the dungeon, and saw 7 of its levels.

You collected 292 gold pieces.
You spent 66 gold pieces at shops.

Inventory:

Missiles
 g - 64 stones (quivered)
 h - 4 boomerangs
Armour
 a - a +0 animal skin
 i - a +1 pair of gloves
 k - a +1 scale mail (worn)
 m - +0 steam dragon scales
Jewellery
 q - an amulet of guardian spirit (around neck)
Talismans
 c - a beast talisman (active)
 d - a flux talisman
 y - a maw talisman
Wands
 s - a wand of digging (4)
Scrolls
 f - a scroll of revelation
 n - a scroll of enchant weapon
 p - a scroll of enchant armour
 t - a scroll of fear
 v - a scroll of poison
 w - a scroll of blinking {unknown}
 x - 3 scrolls of identify
Potions
 b - a potion of brilliance
 e - 2 potions of attraction
 j - a potion of degeneration
 l - a potion of enlightenment
 o - a potion of might {unknown}
 r - 2 potions of heal wounds {unknown}
 u - a potion of magic {unknown}
 z - a potion of invisibility {unknown}


   Skills:
 + Level 5.3 Fighting
 + Level 4.5 Short Blades
 + Level 4.5 Long Blades
 + Level 4.5 Axes
 + Level 4.5 Maces & Flails
 + Level 4.5 Polearms
 + Level 4.5 Staves
 + Level 4.5 Ranged Weapons
 + Level 4.5 Throwing
 + Level 4.5 Armour
 + Level 6.5 Dodging
 + Level 4.5 Stealth
 + Level 4.5 Shields
 + Level 8.0 Unarmed Combat
 + Level 4.5 Spellcasting
 + Level 3.7 Conjurations
 + Level 3.7 Hexes
 + Level 3.7 Summonings
 + Level 3.7 Necromancy
 + Level 3.7 Translocations
 + Level 3.7 Fire Magic
 + Level 3.7 Ice Magic
 + Level 3.7 Air Magic
 + Level 3.7 Earth Magic
 + Level 3.7 Alchemy
 + Level 5.0 Invocations
 + Level 4.5 Evocations
 + Level 7.8 Shapeshifting


You had 17 spell levels left.
You didn't know any spells.
Your spell library contained the following spells:

 Spells                   Type           Power      Damage    Failure   Level
 Gell's Gravitas          Tloc           10%        N/A       41%         3
 Inner Flame              Hex/Fire       10%        N/A       41%         3
 Teleport Other           Tloc           10%        N/A       41%         3
 Tukima's Dance           Hex            10%        N/A       41%         3
 Passage of Golubria      Tloc           10%        N/A       82%         4
 Irradiate                Conj/Alch      5%         3d13      99%         5
 Yara's Violent Unravell  Hex/Alch       5%         3d4       99%         5
 Dispersal                Tloc           5%         N/A       100%        6
 Ignition                 Fire           5%         3d4       100%        8


Dungeon Overview and Level Annotations

Branches:
Dungeon (7/15)             Temple (0/1) D:7

Altars:
Cheibriados
Gozag

Shops:
D:2 *   D:3 ?   D:7 *

Annotations:
D:5 3 runed translucent doors, CougarLife's ghost, novice GrEE
D:7 Joseph


Innate Abilities, Weirdness & Mutations

You are a hulking beast.
Your limbs bulge with bestial killing power. (Slay +4)
You have very sharp teeth.
Your uncanny sense of smell can sniff out nearby items.
Your experience applies equally to all skills.


Message History

You feel sick.
Joseph unwields a +0 sling.
Joseph wields a +0 quarterstaff.
Joseph hits you with a +0 quarterstaff!!
The scorpion closely misses you.
You see here a bombardier beetle corpse.
You take 15 damage, and have 40/68 hp.
MASSIVE DAMAGE!!
You now have 10/15 mp.
You punch the scorpion!
You kill the scorpion!
Cheibriados appreciates the change of pace.
You feel sick. Joseph hits you with a +0 quarterstaff.
You take 2 damage, and have 38/68 hp.
You now have 9/15 mp.
You closely miss Joseph.
You feel sick. Joseph hits you with a +0 quarterstaff.
You take 3 damage, and have 35/68 hp.
You now have 8/15 mp.
You closely miss Joseph. You bite Joseph, but do no damage.
You feel sick. Joseph closely misses you.
You take 1 damage, and have 34/68 hp.
You hit Joseph.
Joseph is lightly wounded.
Joseph hits you with a +0 quarterstaff!
You take 7 damage, and have 27/68 hp.
You now have 6/15 mp.
You barely miss Joseph. Your bite misses Joseph.
Joseph is lightly wounded.
You feel sick. Joseph hits you with a +0 quarterstaff.
You take 4 damage, and have 23/68 hp.
You now have 5/15 mp.
You punch Joseph!
Joseph is moderately wounded.
Joseph says, "Drop everything you've found here and return home."
Joseph hits you with a +0 quarterstaff!!
* * * LOW HITPOINT WARNING * * *
You take 15 damage, and have 8/68 hp.
MASSIVE DAMAGE!!
You now have 2/15 mp.
It was a potion of degeneration.
There was something very wrong with that liquid.
You feel weakened.
You feel dopey.
You feel clumsy.
You feel sick. Joseph hits you with a +0 quarterstaff.
* * * LOW HITPOINT WARNING * * *
You take 3 damage, and have 5/68 hp.
You now have 1/15 mp.
It was a potion of enlightenment.
You feel very buoyant.
You fly up into the air.
You feel sick. Joseph hits you with a +0 quarterstaff!
You die...
Cheibriados appreciates the motionlessness of death.

...##...#...#.#
.....####....##
##..# ##....###
##.#####........#
#........#....##
#....#..##...##
###.####..# ....#
#....###..# ...#
#..#....#†h#
###.#
....####....@#..#
## ###.#
###......# #.
##.....# #
.......#
..........
..........#.
..........#..
#.......####.#


You could see Joseph.

Vanquished Creatures
  Maggie (D:6)
  Sigmund (D:3)
  Eustachio (D:6)
  A steam dragon (D:6)
  A water moccasin (D:5)
  An orc warrior (D:7)
  2 black bears
  An ogre (D:6)
  An ice beast (D:6)
  A centaur (D:7)
  A phantom (D:6)
  2 bullfrogs
  3 scorpions
  A howler monkey (D:7)
  3 bombardier beetles
  A jelly (D:4)
  6 hounds
  A sleepcap (D:6)
  2 iguanas (D:5)
  5 orc wizards
  Natasha (thrice) (D:3)
  4 adders
  3 gnolls (D:6)
  A shadow imp (D:5)
  4 ufetubi
  A ribbon worm (D:2)
  A dart slug (D:2)
  19 orcs
  9 endoplasms
  6 giant cockroaches
  16 goblins
  7 hobgoblins
  5 jackals
  5 ball pythons
  5 bats
  3 frilled lizards
  9 kobolds
  3 rats (D:1)
140 creatures vanquished.

Notes
Turn   | Place    | Note
-------+----------+-------------------------------------------
     0 | D:1      | jasper the Gnoll Shapeshifter began the quest for the Orb.
     0 | D:1      | Reached XP level 1. HP: 17/17 MP: 1/1
   104 | D:1      | Reached XP level 2. HP: 20/23 MP: 2/2
   651 | D:1      | Reached XP level 3. HP: 28/28 MP: 3/3
  1185 | D:2      | Reached skill level 1 in Invocations
  1204 | D:2      | Reached skill level 1 in Short Blades
  1204 | D:2      | Reached skill level 1 in Long Blades
  1204 | D:2      | Reached skill level 1 in Axes
  1204 | D:2      | Reached skill level 1 in Maces & Flails
  1204 | D:2      | Reached skill level 1 in Polearms
  1204 | D:2      | Reached skill level 1 in Staves
  1204 | D:2      | Reached skill level 1 in Ranged Weapons
  1204 | D:2      | Reached skill level 1 in Throwing
  1204 | D:2      | Reached skill level 1 in Armour
  1204 | D:2      | Reached skill level 1 in Stealth
  1204 | D:2      | Reached skill level 1 in Shields
  1204 | D:2      | Reached skill level 1 in Spellcasting
  1204 | D:2      | Reached skill level 1 in Evocations
  1301 | D:2      | Reached XP level 4. HP: 26/34 MP: 3/5
  1422 | D:2      | You fall into a shaft and drop 1 floor!
  1443 | D:3      | Found Baskoeng's Magic Scroll Emporium.
  1450 | D:3      | Bought a scroll of fear for 44 gold pieces
  1450 | D:3      | Bought a scroll of identify for 22 gold pieces
  1582 | D:2      | Found Muxzan's Assorted Antiques.
  1723 | D:2      | Reached skill level 1 in Conjurations
  1723 | D:2      | Reached skill level 1 in Hexes
  1723 | D:2      | Reached skill level 1 in Summonings
  1723 | D:2      | Reached skill level 1 in Necromancy
  1723 | D:2      | Reached skill level 1 in Translocations
  1723 | D:2      | Reached skill level 1 in Fire Magic
  1723 | D:2      | Reached skill level 1 in Ice Magic
  1723 | D:2      | Reached skill level 1 in Air Magic
  1723 | D:2      | Reached skill level 1 in Earth Magic
  1723 | D:2      | Reached skill level 1 in Alchemy
  2292 | D:3      | Noticed Sigmund
  2325 | D:3      | Killed Sigmund
  2326 | D:3      | Reached XP level 5. HP: 23/41 MP: 3/7
  2326 | D:3      | Reached XP level 6. HP: 26/47 MP: 3/8
  2407 | D:3      | Found a faded altar of an unknown god.
  2425 | D:3      | Reached skill level 5 in Dodging
  2462 | D:3      | Noticed Natasha
  2469 | D:3      | Killed Natasha
  2583 | D:3      | Noticed Natasha
  2588 | D:3      | Killed Natasha
  2651 | D:3      | Noticed Natasha
  2657 | D:3      | Killed Natasha
  2947 | D:4      | Reached XP level 7. HP: 51/51 MP: 8/10
  3076 | D:4      | Reached skill level 7 in Unarmed Combat
  3243 | D:5      | Entered Level 5 of the Dungeon
  3437 | D:5      | Found a runed translucent gate.
  3438 | D:5      | Found a runed translucent gate.
  3446 | D:5      | Found a runed translucent gate.
  3932 | D:5      | Noticed CougarLife's ghost (novice GrEE)
  4184 | D:6      | Reached XP level 8. HP: 48/60 MP: 8/12
  4696 | D:6      | Found a snail-covered altar of Cheibriados.
  4735 | D:6      | Became a worshipper of Cheibriados the Contemplative
  4839 | D:6      | Noticed Eustachio
  4843 | D:6      | Noticed Maggie
  4862 | D:6      | Killed Eustachio
  4863 | D:6      | Killed Maggie
  4864 | D:6      | Reached XP level 9. HP: 37/67 MP: 5/15
  5240 | D:6      | Reached skill level 5 in Fighting
  5698 | D:7      | Found a staircase to the Ecumenical Temple.
  5897 | D:7      | Reached skill level 8 in Unarmed Combat
  5922 | D:7      | Found Gozag's Platinum Reserve.
  5923 | D:7      | Found an opulent altar of Gozag.
  6006 | D:7      | Reached * piety under Cheibriados
  6223 | D:7      | Noticed Joseph
  6233 | D:7      | Reached skill level 5 in Invocations
  6242 | D:7      | Slain by Joseph

Illustrated notes

Levels and vault maps discovered:
D:1:      erik_arrival_cave_to_civilisation [erik_arrival_cave_to_hall],
          layout_basic, chequers_serial_rivers_large_a
D:2:      layout_basic, serial_shops, shop, guppyfry_early_orc_mine
D:3:      layout_loops_ring, hellmonk_ecumenical_altar_arch_garden,
          serial_shops, shop, uniq_sigmund, uniq_natasha
D:4:      layout_cave_pools
D:5:      layout_loops_ring, gammafunk_ghost_icy, kennysheep_generic_room_12
D:6:      layout_cave_pods, lemuel_doored_altar, kennysheep_generic_room_7,
          uniq_maggie, uniq_eustachio
D:7:      layout_layer_cave, nicolae_gozag_zags_fifth_avenue,
          kennysheep_little_box, minmay_temple_entry_slanted, st_stairs_11,
          dk_noncrumbling_2, uniq_joseph

Skill      XL: |  1  2  3  4  5  6  7  8  9 |
---------------+----------------------------+-----
Invocations    | 1 2 3 4 5 |  5.0
Short Blades   | 1 2 3 4 |  4.5
Long Blades    | 1 2 3 4 |  4.5
Axes           | 1 2 3 4 |  4.5
Maces & Flails | 1 2 3 4 |  4.5
Polearms       | 1 2 3 4 |  4.5
Staves         | 1 2 3 4 |  4.5
Ranged Weapons | 1 2 3 4 |  4.5
Throwing       | 1 2 3 4 |  4.5
Armour         | 1 2 3 4 |  4.5
Stealth        | 1 2 3 4 |  4.5
Shields        | 1 2 3 4 |  4.5
Spellcasting   | 1 2 3 4 |  4.5
Evocations     | 1 2 3 4 |  4.5
Conjurations   | 1 2 3 |  3.7
Hexes          | 1 2 3 |  3.7
Summonings     | 1 2 3 |  3.7
Necromancy     | 1 2 3 |  3.7
Translocations | 1 2 3 |  3.7
Fire Magic     | 1 2 3 |  3.7
Ice Magic      | 1 2 3 |  3.7
Air Magic      | 1 2 3 |  3.7
Earth Magic    | 1 2 3 |  3.7
Alchemy        | 1 2 3 |  3.7
Fighting       | 3 4 5 |  5.3
Dodging        | 5 6 |  6.5
Unarmed Combat | 7 8 |  8.0
Shapeshifting  | 7 |  7.8

Action                     |  1- 3 |  4- 6 |  7- 9 || total
---------------------------+-------+-------+-------++-------
  Melee: Unarmed           |    96 |    92 |   240 ||   428
         Bite              |     7 |     7 |    27 ||    41
         Punch             |     1 |     4 |    16 ||    21
  Throw: Stone             |       |     1 |     9 ||    10
    Use: Scroll            |       |    10 |     3 ||    13
         Potion            |       |     3 |     5 ||     8
 Armour: Skin              |    12 |       |    53 ||    65
         Animal skin       |     2 |       |       ||     2
         Scale mail        |    41 |    52 |   158 ||   251
  Dodge: Dodged            |    70 |    48 |   150 ||   268
   Form: Flux              |     1 |       |       ||     1
         Beast             |     1 |       |       ||     1

Table legend: (Time is in decaauts)
 A = Elapsed time spent in this place.
 B = Non-inter-level travel time spent in this place.
 C = Inter-level travel time spent in this place.
 D = Time resting spent in this place.
 E = Time spent auto-exploring this place.
 F = Levels seen in this place.
 G = Mean time per level.
                   A        B        C        D        E       F      G
               +--------+--------+--------+--------+--------+-----+--------+
         Total |   6483 |   6274 |    209 |    324 |   4887 |   7 |  926.1 |
       Dungeon |   6483 |   6274 |    209 |    324 |   4887 |   7 |  926.1 |
               +--------+--------+--------+--------+--------+-----+--------+

Top non-repeatable levels by time:
     D:6: 1451 daAuts
     D:1: 1124 daAuts
     D:5: 922 daAuts
     D:7: 873 daAuts
     D:2: 789 daAuts
     D:3: 788 daAuts
     D:4: 533 daAuts
